 Dungeon Crawl Stone Soup version 0.29.0-7-g18a832c13a (webtiles) character file.

Game seed: 17272805632713783771

18195 Arum the Fighter (level 12, -13/105 HPs)
             Began as a Formicid Fighter on Aug 30, 2022.
             Was an Initiate of Gozag.
             Mangled by Rupert
             ... wielding a +3 great mace of protection
              (40 damage)
             ... on level 12 of the Dungeon.
             The game lasted 00:23:26 (16097 turns).

Arum the Fighter (Formicid Fighter)                Turns: 16097, Time: 00:23:27

Health: -13/105    AC: 17    Str: 27    XL:     12   Next: 92%
Magic:  12/12      EV: 12    Int:  7    God:    Gozag
Gold:   2883       SH:  6    Dex: 19    Spells: 11/11 levels left

rFire   . . .      SeeInvis +   g - +1 flail (vorpal)
rCold   + . .      Faith    .   J - +0 buckler of the Sacrificial Victim {Stlth+}
rNeg    . . .      Spirit   .   w - +0 chain mail {rC+}
rPois   +          Reflect  .   (helmet unavailable)
rElec   .          Harm     .   q - +2 cloak {rPois}
rCorr   .          Rampage  .   h - +0 pair of gloves
Will    +....                   (no boots)
Stlth   ..........              (no amulet)
HPRegen 0.27/turn               l - +6 ring of dexterity
MPRegen 0.13/turn               t - +4 ring of evasion

@: mighty
A: permanent stasis, dig shafts and tunnels, antennae 3, four strong arms
a: Dig, Shaft Self, Renounce Religion, Potion Petition, Call Merchant, Bribe
Branch


You were on level 12 of the Dungeon.
You worshipped Gozag.
Gozag was most pleased with you.
You visited 1 branch of the dungeon, and saw 12 of its levels.
You also visited: Bailey.

You collected 3423 gold pieces.
You spent 540 gold pieces at shops.

Inventory:

Hand Weapons
 g - a +1 vorpal flail (weapon)
 j - a +0 giant spiked club
Missiles
 s - 2 throwing nets
Armour
 c - a +0 buckler
 h - a +0 pair of gloves (worn)
 q - a +2 cloak of poison resistance (worn)
 w - a +0 chain mail of cold resistance (worn)
 E - the +1 scale mail of Love and Death {Str+2}
   (You found it on level 10 of the Dungeon)

   Str:       It affects your strength (+2).
 G - +2 ice dragon scales
 J - the +0 buckler of the Sacrificial Victim (worn) {Stlth+}
   (You found it on level 12 of the Dungeon)

   Stlth:     It makes you more stealthy.
Jewellery
 a - a +6 ring of dexterity
 l - a +6 ring of dexterity (left hand)
 t - a +4 ring of evasion (right hand)
Wands
 e - a wand of light (16)
 C - a wand of mindburst (1)
 D - a wand of polymorph (5)
 H - a wand of digging (5)
Scrolls
 b - a scroll of enchant weapon
 n - 4 scrolls of immolation
 o - 8 scrolls of identify
 v - a scroll of fog
 x - a scroll of noise
 y - 4 scrolls of vulnerability
 z - 5 scrolls of amnesia
 A - 4 scrolls of fear
 B - a scroll of enchant armour
 I - a scroll of brand weapon {unknown}
Potions
 f - 3 potions of attraction
 i - 5 potions of lignification
 k - 4 potions of brilliance
 m - a potion of heal wounds
 p - 12 potions of flight
 r - 9 potions of curing
 u - 4 potions of mutation
Miscellaneous
 F - a condenser vane


   Skills:
 + Level 13.1 Fighting
 + Level 11.8 Maces & Flails
 - Level 12.2 Armour
 + Level 7.1 Shields
 + Level 3.3 Evocations


You had 11 spell levels left.
You didn't know any spells.
Your spell library contained the following spells:

 Spells                   Type           Power      Damage    Failure   Level
 Call Canine Familiar     Summ           0%         N/A       100%        3
 Conjure Flame            Conj/Fire      0%         6-21      100%        3
 Ignite Poison            Fire/Tmut/Pois 0%         N/A       100%        3
 Mephitic Cloud           Conj/Pois/Air  0%         N/A       100%        3
 Portal Projectile        Hex/Tloc       0%         N/A       100%        3
 Anguish                  Hex/Necr       0%         N/A       100%        4
 Fulminant Prism          Conj/Hex       0%         3d6       100%        4
 Iskenderun's Mystic Bla  Conj/Tloc      0%         2d3       100%        4
 Leda's Liquefaction      Hex/Erth       0%         N/A       100%        4
 Sticky Flame             Conj/Fire      0%         2d3       100%        4
 Freezing Cloud           Conj/Ice/Air   0%         6-21      100%        5
 Lee's Rapid Deconstruct  Erth           0%         3d5*      100%        5
 Enfeeble                 Hex            0%         N/A       100%        7


Dungeon Overview and Level Annotations

Branches:
Dungeon (12/15)            Temple (0/1) D:7            Lair (0/5) D:8
    Orc (0/2) D:9          Bailey (visited)

Altars:
Dithmenos
Fedhas
Gozag
Sif Muna
Trog
Wu Jian
Xom
Yredelemnul
The Shining One

Shops:
D:3 :*=   D:4 !   D:5 *

Portals:
Trove: D:10 (give +2 storm dragon scales)

Annotations:
D:12 Rupert


Innate Abilities, Weirdness & Mutations

You cannot be hasted, slowed, berserked, paralysed or teleported.
You can dig through walls and to a lower floor.
You have a pair of large antennae on your head. (SInv)
Your four strong arms can wield two-handed weapons with a shield.


Message History

Rupert is no longer blind.
Aiming: Bolt of Light
Press: ? - help, Shift-Dir - straight line, f/p - Rupert
Aim: Rupert, wielding a +3 great mace of protection and wearing a +1 chain mail of cold resistance (moderately wounded, 81% to hit)
The bolt of light hits Rupert.
Rupert is heavily wounded.
Rupert is blinded.
Rupert hits you with a +3 great mace of protection!
Aiming: Bolt of Light
Press: ? - help, Shift-Dir - straight line, f/p - Rupert
Aim: Rupert, wielding a +3 great mace of protection and wearing a +1 chain mail of cold resistance (heavily wounded, blind, 81% to hit)
The bolt of light hits Rupert!
Rupert is heavily wounded.
Rupert roars wildly at you.
Your stasis prevents you from being paralysed.
Aiming: Bolt of Light
Press: ? - help, Shift-Dir - straight line, f/p - Rupert
Aim: Rupert, wielding a +3 great mace of protection and wearing a +1 chain mail of cold resistance (heavily wounded, blind, 81% to hit)
The bolt of light hits Rupert but does no damage.
Rupert is heavily wounded.
Rupert yells loudly at you.
You struggle to resist.
You sock Rupert!
Rupert is severely wounded.
Rupert roars madly and goes into a rage!
Rupert goes berserk!
You thump Rupert!
Rupert is severely wounded.
Rupert hits you but does no damage. You block Rupert's attack.
You hit Rupert.
Rupert is severely wounded.
Rupert hits you with a +3 great mace of protection!!
* * * LOW HITPOINT WARNING * * *
You catch the helpless Rupert completely off-guard!
You bludgeon Rupert!!
Rupert is almost dead.
Rupert is no longer blind.
Rupert hits you with a +3 great mace of protection!!!
You die...
Your body crumbles into a pile of gold.

#.# ##.# #..# #######+###
# ##.## #..........
#####..#######..........
.............+..........
#####.########..........
#.# #..@....... #.#
#@####### #.# #.......#
#.# #######'## #.#
#......># #####.######
#.......# #..........#
#.......# ...........#
#.......# #..........####
#.......#
#.............###.......#


You could see Rupert (berserk).

Vanquished Creatures
  Josephine (D:10)
  A boulder beetle (D:12)
  A hydra (D:12)
  A two-headed ogre (D:10)
  Pikel (D:7)
  A cyclops (D:12)
  An ugly thing (D:11)
  A manticore (D:11)
  2 gargoyles
  2 unseen horrors (D:11)
  3 komodo dragons (D:8)
  Psyche (D:8)
  A troll (D:10)
  A hornet (D:8)
  Prince Ribbit (D:7)
  A vampire (D:10)
  A shadow (D:12)
  A wyvern (D:9)
  26 yaks
  A human (D:7)
  6 wraiths
  A steam dragon (D:8)
  3 vampire mosquitoes (D:12)
  Menkaure (D:7)
  3 wargs (D:9)
  2 acid dragons
  Duvessa (D:7)
  A black bear (D:6)
  A swamp drake (D:8)
  2 ice beasts
  13 orc warriors
  A sky beast (D:8)
  An ogre (D:5)
  2 centaurs
  3 bullfrogs
  2 kobold brigands
  A gnoll sergeant (D:9)
  A scorpion (D:4)
  3 wights (D:6)
  Dowan (D:7)
  17 killer bees
  14 howler monkeys
  2 electric eels (D:10)
  4 hounds (D:6)
  3 orc priests
  Ijyb (D:3)
  2 jellies
  A gnoll bouda (D:4)
  Terence (D:3)
  3 iguanas
  10 orc wizards
  20 gnolls
  6 adders
  3 shadow imps
  3 white imps
  2 ufetubi (D:6)
  3 dart slugs
  40 orcs
  5 bats
  5 endoplasms
  A giant cockroach (D:1)
  34 goblins
  32 hobgoblins
  4 jackals
  27 kobolds
  5 quokkas
  9 ball pythons
  6 frilled lizards
  A kobold zombie (D:7)
  9 rats
371 creatures vanquished.

Vanquished Creatures (others)
  39 plants (D:3)
  A withered plant (D:2)
40 creatures vanquished.

Grand Total: 411 creatures vanquished

Notes
Turn   | Place    | Note
-------+----------+-------------------------------------------
     0 | D:1      | Arum the Formicid Fighter began the quest for the Orb.
     0 | D:1      | Reached XP level 1. HP: 18/18 MP: 1/1
   330 | D:1      | Reached XP level 2. HP: 24/24 MP: 2/2
   475 | D:1      | Reached XP level 3. HP: 17/30 MP: 3/3
  1354 | D:2      | Found a blossoming altar of Fedhas.
  1860 | D:2      | Found a faded altar of an unknown god.
  1874 | D:2      | Prayed at the altar of an unknown god.
  1874 | D:2      | Became a worshipper of Gozag Ym Sagoz the Greedy
  2047 | D:3      | Reached XP level 4. HP: 37/37 MP: 4/4
  2161 | D:3      | Reached skill level 4 in Fighting
  2171 | D:3      | Found Suyghea's Assorted Antiques.
  2204 | D:3      | Bought a scroll labelled IMAOTR COMEZ for 25 gold pieces
  2204 | D:3      | Bought a blue potion for 22 gold pieces
  2204 | D:3      | Bought a scroll labelled YVVES FOENWE ABY for 25 gold
                  | pieces
  2204 | D:3      | Bought a scroll labelled AVUMESAATZ for 25 gold pieces
  2271 | D:3      | Noticed Terence
  2275 | D:3      | Killed Terence
  2275 | D:3      | Noticed Ijyb
  2321 | D:3      | Killed Ijyb
  2322 | D:3      | Reached XP level 5. HP: 3/43 MP: 5/5
  2801 | D:3      | Found Teomp's Book Emporium.
  2941 | D:3      | Found Vitzeed's Jewellery Emporium.
  2985 | D:3      | Found a glowing golden altar of the Shining One.
  3760 | D:4      | Reached skill level 5 in Armour
  3760 | D:4      | Reached XP level 6. HP: 44/50 MP: 6/6
  4138 | D:4      | Found Kyxzion's Distillery.
  4146 | D:4      | Reached skill level 5 in Fighting
  4146 | D:4      | Noticed an orc warrior
  4166 | D:4      | Killed an orc warrior
  4167 | D:4      | Reached XP level 7. HP: 46/56 MP: 7/7
  4267 | D:4      | Bought a potion of curing for 36 gold pieces
  4267 | D:4      | Bought a potion of flight for 36 gold pieces
  4267 | D:4      | Bought a potion of lignification for 36 gold pieces
  4267 | D:4      | Bought a potion of mutation for 96 gold pieces
  4267 | D:4      | Bought a potion of curing for 36 gold pieces
  4623 | D:5      | Entered Level 5 of the Dungeon
  4924 | D:4      | Reached skill level 6 in Fighting
  4956 | D:5      | Reached skill level 5 in Maces & Flails
  5359 | D:5      | Found Coil's Neck Hole.
  5367 | D:5      | Bought a +2 cloak of poison resistance for 203 gold pieces
  5401 | D:5      | Found a blossoming altar of Fedhas.
  5673 | D:5      | Reached XP level 8. HP: 60/64 MP: 8/8
  6497 | D:6      | Reached skill level 7 in Fighting
  6960 | D:6      | Reached XP level 9. HP: 72/72 MP: 9/9
  7280 | D:7      | Reached skill level 8 in Fighting
  7314 | D:7      | Noticed Menkaure
  7321 | D:7      | Killed Menkaure
  7321 | D:7      | Noticed Duvessa
  7547 | D:7      | Killed Duvessa
  7547 | D:7      | Noticed Dowan
  7548 | D:7      | Reached XP level 10. HP: 74/82 MP: 10/10
  7557 | D:7      | Killed Dowan
  7558 | D:7      | Reached skill level 9 in Fighting
  7638 | D:7      | Noticed Pikel
  7644 | D:7      | Killed Pikel
  7661 | D:7      | Noticed Prince Ribbit
  7690 | D:7      | Killed Prince Ribbit
  7835 | D:7      | Found a shimmering blue altar of Sif Muna.
  7893 | D:7      | Found a staircase to the Ecumenical Temple.
  8128 | D:7      | Found a runed translucent door.
  8129 | D:7      | Found a basalt altar of Yredelemnul.
  8234 | D:7      | Reached skill level 10 in Fighting
  8234 | D:7      | Reached skill level 10 in Armour
  8803 | D:8      | Reached XP level 11. HP: 92/92 MP: 11/11
  9064 | D:8      | Found a bloodstained altar of Trog.
  9195 | D:8      | Reached skill level 11 in Fighting
  9551 | D:8      | Reached skill level 10 in Maces & Flails
  9779 | D:8      | Found a staircase to the Lair.
 10007 | D:8      | Noticed Psyche
 10021 | D:8      | Killed Psyche
 11259 | D:9      | Found a staircase to the Orcish Mines.
 11680 | D:10     | Entered Level 10 of the Dungeon
 11924 | D:10     | Identified the +1 scale mail of Love and Death {Str+2}
 11942 | D:10     | Found a portal to a secret trove of treasure.
 11973 | D:10     | Noticed a two-headed ogre
 11987 | D:10     | Killed a two-headed ogre
 11988 | D:10     | Reached skill level 12 in Fighting
 11988 | D:10     | Reached XP level 12. HP: 47/102 MP: 12/12
 12005 | D:10     | Found a flagged portal.
 12142 | Bailey   | Entered a bailey
 13406 | D:10     | Noticed Josephine
 13423 | D:10     | Killed Josephine
 13893 | D:10     | Found an ornate altar of the Wu Jian Council.
 13899 | D:10     | Found a shimmering altar of Xom.
 13904 | D:10     | Found a shadowy altar of Dithmenos.
 13946 | D:10     | Reached skill level 5 in Shields
 14707 | D:11     | Reached skill level 1 in Evocations
 15424 | D:12     | Noticed an eight-headed hydra
 15432 | D:12     | Killed an eight-headed hydra
 15846 | D:12     | Reached skill level 13 in Fighting
 15939 | D:12     | Noticed a boulder beetle
 15954 | D:12     | Killed a boulder beetle
 15971 | D:12     | Identified the +0 buckler of the Sacrificial Victim
                  | {Stlth+}
 16082 | D:12     | Noticed Rupert
 16097 | D:12     | Mangled by Rupert

Illustrated notes

Levels and vault maps discovered:
D:1:      lightli_arrival_statuegarden, layout_loops_ring
D:2:      layout_loops_corners, shapermc_ecumenical_altar_flowoftime,
          basic_altar
D:3:      wad_woods_tower, layout_basic, nicolae_tso_swordbearing_angel,
          serial_shops, nicolae_shop_competitors_out_of_business, shop, shop,
          uniq_ijyb, uniq_terence
D:4:      layout_loops_corners, serial_shops, nicolae_stop_n_shop_1,
          minivault_1, kennysheep_potato
D:5:      minmay_goblin_kobold_castle, layout_gridville,
          fedhas_altar_fruit_tree, nicolae_shop_sticking_my_neck_out
D:6:      layout_basic
D:7:      layout_rooms, mainiacjoe_overflow_paths, dk_yredelemnul_ordeal,
          minmay_temple_entry_poolview, uniq_pikel, uniq_prince_ribbit1,
          uniq_menkaure, uniq_duvessa
D:8:      layout_rooms, bloody_trog, erik_lair_dragon, uniq_psyche
D:9:      layout_gridville, david_orc_1_choice
D:10:     layout_loops_ring, minmay_overflow_temple_star_quad, enter_bailey_3,
          enter_trove_3, minmay_crystal_water, uniq_josephine
D:11:     layout_roguey
D:12:     layout_roguey, serial_shops, shop, uniq_rupert

Skill      XL: |  1  2  3  4  5  6  7  8  9 10 11 12 |
---------------+-------------------------------------+-----
Armour         | 4 5 6 7 8 10 12 | 12.2
Fighting       | 4 5 6 7 8 10 12 13 | 13.1
Maces & Flails | 3 4 5 6 7 9 10 11 | 11.8
Shields        | 7 |  7.1
Evocations     | 3 |  3.3

Action                   |  1- 3 |  4- 6 |  7- 9 | 10-12 || total
-------------------------+-------+-------+-------+-------++-------
Melee: Flail             |   124 |   115 |   328 |   772 ||  1339
 Abil: Dig               |       |     1 |     1 |     3 ||     5
Evoke: Wand              |       |       |       |    20 ||    20
  Use: Scroll            |       |     8 |     8 |     3 ||    19
       Potion            |       |     1 |     1 |     3 ||     5
 Stab: Distracted        |       |       |     4 |    10 ||    14
       Invisible         |       |       |       |     3 ||     3
Armor: Scale mail        |    67 |    37 |       |       ||   104
       Chain mail        |       |       |   149 |   238 ||   387
Dodge: Dodged            |    46 |    42 |   130 |   307 ||   525
Block: Buckler           |    41 |    28 |    94 |   178 ||   341
